 Seeded DCSS version 0.31.0-4-g52a2dc7128 (webtiles) character file.

Game seed: 2 (custom seed)

65 Kazon the Ducker (level 4, -5/31 HPs)
             Began as an Octopode Fighter on Jan 22, 2024.
             Slain by an ogre
             ... wielding a +0 giant club
              (7 damage)
             ... on level 3 of the Dungeon.
             The game lasted 00:05:40 (1309 turns).

Kazon the Ducker (Octopode Fighter)                 Turns: 1309, Time: 00:05:41

Health: -5/31      AC:  5    Str: 15    XL:     4   Next: 14%
Magic:  0/4        EV: 13    Int: 10    God:
Gold:   107        SH:  5    Dex: 13    Spells: 3/3 levels left

rFire   . . .        e - +0 dagger (venom)
rCold   . . .        b - +0 buckler
rNeg    . . .        (helmet restricted)
rPois   .            h - amulet of guardian spirit
rElec   .            i - +4 ring of slaying
rCorr   .            m - +4 ring of protection
SInv    .            (no ring)
Will    .....        (no ring)
Stlth   +++          (no ring)
HPRegen 0.25/turn    (no ring)
MPRegen 0.09/turn    (no ring)
                     (no ring)

%: guardian spirit
@: no status effects
A: almost no armour, amphibious, 8 rings, camouflage 1, gelatinous body 1,
(nimble swimmer 1), tentacles
a: no special abilities


You were on level 3 of the Dungeon.
You visited 1 branch of the dungeon, and saw 3 of its levels.

You collected 107 gold pieces.

Inventory:

Hand Weapons
 a - a +0 long sword
 e - a +0 dagger of venom (weapon)
Missiles
 d - 15 stones (quivered)
 l - 6 poisoned darts
Armour
 b - a +0 buckler (worn)
Jewellery
 h - an amulet of guardian spirit (around mantle)
 i - a +4 ring of slaying (left tentacle)
 m - a +4 ring of protection (right tentacle)
Scrolls
 f - a scroll of immolation {unknown}
 g - a scroll of poison {unknown}
 o - a scroll of enchant armour {unknown}
 p - a scroll of identify
 q - a scroll of teleportation {unknown}
 r - a scroll of vulnerability {unknown}
Potions
 c - 3 potions of might
 j - a potion of brilliance
 k - 2 potions of mutation {unknown}
 n - 2 potions of attraction {unknown}


   Skills:
 * Level 3.4 Fighting
 + Level 0.2(1.3) Short Blades
 + Level 2.2 Long Blades
 * Level 1.0 Throwing
 + Level 3.4 Dodging
 + Level 2.0 Stealth
 + Level 3.3 Shields


You had 3 spell levels left.
You didn't know any spells.
Your spell library was empty.

Dungeon Overview and Level Annotations

Branches:
Dungeon (3/15)

Altars:

Shops:
D:2 (   D:3 (


Innate Abilities, Weirdness & Mutations

You cannot wear most types of armour.
You are amphibious.
You can wear up to eight rings at the same time.
Your skin changes colour to match your surroundings (Stealth+).
Your rubbery body absorbs attacks. (AC +1, EV +1)
((You are camouflaged when in or above water. (Stealth+)))
You have tentacles for arms and can constrict up to eight enemies at once.


Message History

The ball python closely misses you. The ball python constricts you.
The frilled lizard bites you.
You closely miss the ball python. You grab the ball python.
You constrict the ball python. The ball python barely misses you.
The ball python constricts you. The frilled lizard barely misses you.
You hit the frilled lizard.
You kill the frilled lizard!
You constrict the ball python. The ball python bites you.
The ball python constricts you.
You hit the ball python.
You kill the ball python!
A dart slug comes into view.
An ogre comes into view. It is wielding a +0 giant club.
You see here a scroll labelled XUWKOIVAHU.
Found a potion of brilliance.
An orc comes into view. It is wielding a +0 mace.
Found a stone staircase leading up.
A rat and a goblin come into view.
The ogre shouts!
The orc shouts!
The goblin shouts!
The rat squeaks loudly.
The ogre attacks as it pursues you! You block the ogre's attack.
The dart slug launches a dart at you. The slug dart hits you.
The ogre attacks as it pursues you! The ogre closely misses you.
The ogre attacks as it pursues you! The ogre hits you with a +0 giant club!
The goblin unwields a +0 club.
The goblin wields a +0 sling.
The goblin shoots a sling bullet.
The sling bullet hits you but does no damage.
There is an open door, spattered with blood here.
You see here a bat corpse.
The dart slug launches a dart at you. The slug dart hits you.
The ogre attacks as it pursues you! The ogre barely misses you.
The rat twitches its whiskers.
The ogre attacks as it pursues you!
The ogre hits you with a +0 giant club!!
Ouch! That really hurt!
* * * LOW HITPOINT WARNING * * *
There is a stone staircase leading up, spattered with blood here.
The ogre hits you with a +0 giant club!
You die...

# ##### #. ...#
#.####.#####
#.#...!...O@.#
.......>....##
#...#...o##.#
....#....##.#
.........##.#
######..o##.#
.........##.#
#######.r##.#
..#...........##.#


You could see an ogre and an orc.

Vanquished Creatures
  3 adders (D:2)
  A dart slug (D:1)
  A ribbon worm (D:2)
  3 ball pythons
  3 bats
  7 endoplasms
  A giant cockroach (D:3)
  5 goblins
  A hobgoblin (D:1)
  3 quokkas (D:1)
  2 frilled lizards
  2 kobolds
  A rat (D:1)
33 creatures vanquished.

Notes
Turn   | Place    | Note
-------+----------+-------------------------------------------
     0 | D:1      | Kazon the Octopode Fighter began the quest for the Orb.
     0 | D:1      | Reached XP level 1. HP: 16/16 MP: 1/1
    59 | D:1      | Reached XP level 2. HP: 12/21 MP: 2/2
   143 | D:1      | Reached skill level 1 in Stealth
   848 | D:2      | Reached XP level 3. HP: 25/26 MP: 3/3
   908 | D:2      | Found Weaqack's Weapon Shop.
   957 | D:2      | Reached skill level 1 in Throwing
   957 | D:2      | Reached XP level 4. HP: 28/31 MP: 4/4
  1253 | D:3      | Found Hivuethe's Antique Weapon Shoppe.
  1275 | D:3      | Noticed an ogre
  1308 | D:3      | HP: 1/31 [ogre/+0 giant club (20)]
  1309 | D:3      | Slain by an ogre

Illustrated notes

Levels and vault maps discovered:
D:1:      lightli_arrival_noodles, layout_loops_ring, skrybe_limestone_x
D:2:      layout_rooms, serial_shops, shop
D:3:      layout_basic, xom_redecorated, serial_shops, nicolae_shop_stone

Skill      XL: |  1  2  3  4 |
---------------+-------------+-----
Stealth        | 1 2 |  2.0
Throwing       | 1 |  1.0
Fighting       | |  3.4
Short Blades   | |  0.2
Long Blades    | |  2.2
Dodging        | |  3.4
Shields        | |  3.3

Action                     |  1- 3 |  4- 6 || total
---------------------------+-------+-------++-------
  Melee: Long sword        |     5 |       ||     5
         Tentacles         |    12 |     1 ||    13
         Constrict         |    12 |     1 ||    13
         Dagger            |    35 |     9 ||    44
  Throw: Stone             |     3 |       ||     3
    Use: Scroll            |     1 |       ||     1
         Potion            |     1 |       ||     1
   Stab: Sleeping          |     7 |     2 ||     9
 Armour: Skin              |     9 |    10 ||    19
  Dodge: Dodged            |    16 |     6 ||    22
  Block: Buckler           |     2 |     1 ||     3
